 Dungeon Crawl Stone Soup version 0.18.1-5-g4a78601 (webtiles) character file.

829 mopl the Slasher (level 7, -7/45 HPs)
             Began as an Octopode Skald on May 14, 2016.
             Was a Believer of Nemelex Xobeh.
             Mangled by Duvessa
             ... wielding a +0 rapier
              (9 damage)
             ... on level 5 of the Dungeon.
             The game lasted 00:08:38 (5010 turns).

mopl the Slasher (Octopode Skald)                   Turns: 5010, Time: 00:08:38

Health: -7/45      AC:  1    Str: 22    XL:     7   Next: 97%
Magic:  0/10       EV: 12    Int: 14    God:    Nemelex Xobeh [**....]
Gold:   325        SH:  0    Dex: 13    Spells: 3 memorised, 4 levels left

rFire  + . .     SeeInvis .     a - +0 falchion
rCold  . . .     Gourm    .     (no shield)
rNeg   . . .     Faith    .     (helmet restricted)
rPois  .         Spirit   +     t - amulet of guardian spirit
rElec  .         Dismiss  .     C - ring of protection from fire
rCorr  .         Reflect  .     (no ring)
SustAt .         Harm     .     (no ring)
MR     .....                    (no ring)
Stlth  ++++......               (no ring)
                                (no ring)
                                (no ring)
                                (no ring)

@: lethally poisoned (-7 -> -11), immense fortitude, not resistant to hostile
enchantments, stealthy
A: almost no armour, amphibious, 8 rings, constrict 8, camouflage 1, gelatinous
body 1
a: Renounce Religion


You were on level 5 of the Dungeon.
You worshipped Nemelex Xobeh.
Nemelex Xobeh was pleased with you.
You were hungry.

You visited 1 branch of the dungeon, and saw 5 of its levels.

You collected 325 gold pieces.

Inventory:

Hand Weapons
 a - a +0 falchion (weapon)
 b - a -1 blowgun
 q - a +2 dagger of protection
 u - a +0 rapier
Missiles
 p - 29 poisoned needles
Jewellery
 t - an amulet of guardian spirit (around mantle)
 C - a ring of protection from fire (left tentacle)
Scrolls
 d - 2 scrolls of magic mapping {unknown}
 e - a scroll of immolation {unknown}
 j - 2 scrolls of fear {unknown}
 m - a scroll of remove curse
 n - a scroll of noise {unknown}
 o - a scroll of fog {unknown}
 x - 3 scrolls of enchant weapon {unknown}
 y - a scroll of random uselessness {unknown}
 z - a scroll of blinking {unknown}
 B - a scroll of amnesia {unknown}
Potions
 f - a potion of brilliance
 i - a potion of agility
 E - a potion of might
Books
 k - a Necronomicon

   Spells                             Type                      Level
   a - Haunt                          Necromancy/Summoning         7
   b - Borgnjor's Revivification      Necromancy                   8
   c - Death's Door                   Charms/Necromancy            8
   d - Necromutation                  Transmutation/Necromancy     8
 r - a book of Battle

   Spells                             Type                      Level
   a - Infusion                       Charms                       1
   b - Shroud of Golubria             Charms/Translocation         2
   c - Song of Slaying                Charms                       2
   d - Spectral Weapon                Hexes/Charms                 3
   e - Regeneration                   Charms/Necromancy            3
Miscellaneous
 l - a plain deck of destruction {drawn: 1}
 s - a plain deck of escape {drawn: 4}
Comestibles
 c - 3 bread rations
 g - a slice of pizza
 w - 2 meat rations
 A - 4 fruits


   Skills:
 - Level 2.0 Fighting
 * Level 6.8 Long Blades
 - Level 1.5 Dodging
 + Level 5.4 Stealth
 - Level 2.0 Spellcasting
 - Level 3.0 Charms
 + Level 4.0 Evocations


You had 4 spell levels left.
You knew the following spells:

 Your Spells              Type           Power        Failure   Level  Hunger
a - Infusion              Chrm           #...         10%         1    ##.....
f - Shroud of Golubria    Chrm/Tloc      #.........   21%         2    ###....
r - Regeneration          Chrm/Necr      #.........   38%         3    ####...


Dungeon Overview and Level Annotations

Branches:
Dungeon (5/15)             Temple (0/1) D:5

Altars:
Cheibriados
Dithmenos
Fedhas
Nemelex Xobeh
Pakellas
Trog
Xom

Annotations:
D:5 Dowan, Duvessa


Innate Abilities, Weirdness & Mutations

You cannot wear most types of armour.
You are amphibious.
You can wear up to eight rings at the same time.
You can use your tentacles to constrict eight enemies at once.
Your skin changes colour to match your surroundings (Stealth).
Your rubbery body absorbs attacks (AC +1).


Message History

Evoke which item? (* to show all) (? for menu, Esc to quit)
You draw a card...
It is Warpwright.
You found a teleport trap!
* * * LOW HITPOINT WARNING * * *
You feel sick.
Duvessa says, "When magic and the sword combine, nothing stands against them."
Duvessa misses your enchanted quarterstaff.
Dowan casts a spell.
Dowan blinks!
Duvessa closely misses your enchanted quarterstaff.
Your enchanted quarterstaff hits Duvessa!
Evoke which item? (* to show all) (? for menu, Esc to quit)
You draw a card...
It is Velocity.
Duvessa is moving somewhat quickly.
* * * LOW HITPOINT WARNING * * *
You feel sick.
Your enchanted quarterstaff disappears in a puff of smoke!
Evoke which item? (* to show all) (? for menu, Esc to quit)
You draw a card...
It is the Cloud.
Clouds appear around you! Duvessa hits you with a rapier!
You die...
Your body glows slightly and disappears.

#......[..########
#................# ##
#................# ..
##################........###.###
.................'..............
####...#.#####.###.........##.#
##.......# #.##########.....#
...#.##.######.^^§#######..####.
.#......##......@e§...§......(...
##.........#######§......e##....y
#.....##### ########....###.
#.....# #...## ##.....#######
##### .....#...#<..#
.#####.#.###.# .#.8.#.#.# #.#
#.....##.###.#


You could see Duvessa.

Vanquished Creatures
  Sigmund (D:4)
  Menkaure (D:5)
  A howler monkey (D:4)
  An orc priest (D:4)
  An orc wizard (D:4)
  An iguana (D:4)
  A worker ant (D:4)
  5 adders
  An adder zombie (D:5)
  5 worms
  6 giant geckos
  7 orcs
  11 goblins
  10 hobgoblins
  7 jackals
  3 quokkas
  2 ball pythons (D:2)
  6 bats
  A giant gecko skeleton (D:4)
  3 giant newts
  11 kobolds
  9 rats
94 creatures vanquished.

Vanquished Creatures (collateral kills)
  Grinder (D:4)
  2 killer bees (D:5)
  An orc priest (D:4)
4 creatures vanquished.

Vanquished Creatures (others)
  An orc wizard (D:4)
1 creature vanquished.

Grand Total: 99 creatures vanquished

Notes
Turn   | Place    | Note
--------------------------------------------------------------
     0 | D:1      | mopl the Octopode Skald began the quest for the Orb.
     0 | D:1      | Reached XP level 1. HP: 14/14 MP: 3/3
    94 | D:1      | Reached XP level 2. HP: 10/19 MP: 5/5
   237 | D:1      | Learned a level 2 spell: Shroud of Golubria
   580 | D:1      | Reached skill level 3 in Long Blades
   617 | D:1      | Found a sparkling altar of Nemelex Xobeh.
   645 | D:1      | Became a worshipper of Nemelex Xobeh the Trickster
  1011 | D:2      | Received a gift from Nemelex Xobeh
  1051 | D:2      | Reached XP level 3. HP: 23/24 MP: 6/6
  1072 | D:2      | Learned a level 3 spell: Regeneration
  1206 | D:2      | Found a bloodstained altar of Trog.
  1651 | D:2      | Reached skill level 4 in Long Blades
  1651 | D:2      | Reached skill level 1 in Stealth
  1651 | D:2      | Reached XP level 4. HP: 6/29 MP: 7/7
  2543 | D:3      | Reached * piety under Nemelex Xobeh
  2627 | D:3      | Received a gift from Nemelex Xobeh
  2686 | D:3      | Reached skill level 1 in Evocations
  2767 | D:3      | Reached XP level 5. HP: 20/34 MP: 8/8
  2919 | D:3      | Found an oddly glowing altar of Pakellas.
  2955 | D:3      | Found a shadowy altar of Dithmenos.
  3028 | D:3      | Reached skill level 2 in Stealth
  3242 | D:4      | Found a blossoming altar of Fedhas.
  3331 | D:4      | Received a gift from Nemelex Xobeh
  3680 | D:4      | Reached skill level 5 in Long Blades
  3680 | D:4      | Reached skill level 2 in Evocations
  3685 | D:4      | Noticed Sigmund
  3695 | D:4      | Killed Sigmund
  3695 | D:4      | Reached skill level 3 in Stealth
  3695 | D:4      | Reached XP level 6. HP: 5/39 MP: 1/9
  3881 | D:4      | Reached ** piety under Nemelex Xobeh
  3941 | D:4      | Found a snail-covered altar of Cheibriados.
  4044 | D:5      | Entered Level 5 of the Dungeon
  4372 | D:4      | Reached skill level 4 in Stealth
  4372 | D:4      | Reached skill level 3 in Evocations
  4372 | D:4      | Reached XP level 7. HP: 42/45 MP: 7/10
  4574 | D:4      | Noticed Grinder
  4588 | D:4      | Killed Grinder
  4588 | D:4      | Reached skill level 6 in Long Blades
  4737 | D:5      | Found a staircase to the Ecumenical Temple.
  4765 | D:5      | Noticed Menkaure
  4773 | D:5      | Killed Menkaure
  4773 | D:5      | Reached skill level 5 in Stealth
  4779 | D:5      | Found a shimmering altar of Xom.
  4780 | D:5      | Found a shimmering altar of Xom.
  4797 | D:5      | Found a shimmering altar of Xom.
  4797 | D:5      | Found a shimmering altar of Xom.
  4991 | D:5      | Noticed Duvessa
  4994 | D:5      | HP: 1/45 [killer bee (5)]
  4997 | D:5      | Reached skill level 4 in Evocations
  5005 | D:5      | Noticed Dowan
  5008 | D:5      | HP: 2/45 [poisoned by a killer bee]
  5010 | D:5      | Mangled by Duvessa

Skill      XL: |  1  2  3  4  5  6  7 |
---------------+----------------------+-----
Long Blades    | 3 4 5 6 |  6.8
Stealth        | 1 3 4 5 |  5.4
Evocations     | 1 2 3 4 |  4.0
Fighting       | |  2.0
Dodging        | |  1.5
Spellcasting   | |  2.0
Charms         | |  3.0

Action                   |  1- 3 |  4- 6 |  7- 9 || total
-------------------------+-------+-------+-------++-------
Melee: Falchion          |    87 |   129 |    20 ||   236
       Constrict         |    22 |    36 |     6 ||    64
       Tentacles         |    10 |    23 |     4 ||    37
       Dagger            |       |       |     3 ||     3
 Fire: Blowgun           |       |       |     2 ||     2
 Cast: Shroud of Golubri |       |     2 |     1 ||     3
       Regeneration      |       |     2 |       ||     2
Evoke: Deck              |       |       |    13 ||    13
  Use: Potion            |     1 |       |     2 ||     3
       Scroll            |       |     4 |       ||     4
 Stab: Sleeping          |    10 |     9 |     1 ||    20
  Eat: Chunk             |     2 |     9 |     1 ||    12
       Beef jerky        |       |     1 |       ||     1
Armor: Skin              |     6 |     7 |     2 ||    15
Dodge: Dodged            |    69 |    62 |    18 ||   149
